 Seeded DCSS version 0.29.1-12-g30fa7ad0bf (webtiles) character file.

Game seed: 9845822215292249863 (custom seed)

32092 hikkokomori the Covert (level 13, -2/89 HPs)
             Began as an Octopode Conjurer on Jan 6, 2023.
             Was an Initiate of Gozag.
             Slain by a catoblepas (4 damage)
             ... while petrified by a catoblepas
             ... on level 4 of the Lair of Beasts.
             The game lasted 00:54:00 (16966 turns).

hikkokomori the Covert (Octopode Conjurer)         Turns: 16966, Time: 00:54:00

Health: -2/89      AC:  1    Str: 14    XL:     13   Next: 62%
Magic:  15/24      EV:  2    Int: 33    God:    Gozag
Gold:   1975       SH:  0    Dex: 10    Spells: 5/26 levels left

rFire   . . .      SeeInvis .   w - staff of conjuration
rCold   + . .      Faith    .   l - +1 buckler {rF+}
rNeg    + + +      Spirit   .   d - +0 hat "Winaat" {rF- rC+ Int+3 Stlth+}
rPois   ∞          Reflect  .   v - amulet of magic regeneration
rElec   +          Harm     .   i - ring of willpower
rCorr   .          Rampage  .   j - ring "Giseerghieff" {+Blink Fly rElec Int+6 Stlth-}
Will    +....                   E - +4 ring of evasion
Stlth   +++++.....              M - +6 ring of strength
HPRegen 0.24/turn               c - ring of positive energy
MPRegen 0.59/turn               (no ring)
                                (no ring)
                                (no ring)

@: petrified, liquefying, gold aura, flying, slowed movement, very slow
A: almost no armour, amphibious, 8 rings, camouflage 1, gelatinous body 1,
(nimble swimmer 1), tentacles
a: Renounce Religion, Evoke Blink, Potion Petition, Call Merchant, Bribe Branch


You were on level 4 of the Lair of Beasts.
You worshipped Gozag.
Gozag was most pleased with you.
You visited 3 branches of the dungeon, and saw 15 of its levels.

You collected 4851 gold pieces.
You spent 644 gold pieces at shops.
You paid 2232 gold pieces to Gozag.

Inventory:

Missiles
 R - a throwing net
Armour
 d - the +0 hat "Winaat" (worn) {rF- rC+ Int+3 Stlth+}
   (You acquired it on level 1 of the Dungeon)

   Int:       It affects your intelligence (+3).
   rF:        It makes you vulnerable to fire.
   rC:        It protects you from cold.
   Stlth:     It makes you more stealthy.
 l - a +1 buckler of fire resistance (worn)
Magical Staves
 w - a staff of conjuration (weapon)
Jewellery
 c - a ring of positive energy (on tentacle)
 h - an amulet of the acrobat
 i - a ring of willpower (left tentacle)
 j - the ring "Giseerghieff" (right tentacle) {+Blink Fly rElec Int+6 Stlth-}
   (You acquired it on level 1 of the Dungeon)

   [ring of flight]

   Int:       It affects your intelligence (+6).
   rElec:     It insulates you from electricity.
   Fly:       It grants you flight.
   +Blink:    It lets you blink.
   Stlth:     It makes you less stealthy.
 v - an amulet of magic regeneration (around mantle)
 A - an amulet of guardian spirit
 E - a +4 ring of evasion (on tentacle)
 H - a ring of fire
 L - an amulet of regeneration
 M - a +6 ring of strength (on tentacle)
Wands
 x - a wand of mindburst (6)
 B - a wand of polymorph (11)
 G - a wand of light (1)
 O - a wand of charming (11)
 V - a wand of roots (7)
 W - a wand of digging (4)
Scrolls
 b - 8 scrolls of teleportation
 g - 8 scrolls of amnesia
 k - a scroll of blinking
 o - a scroll of poison
 q - a scroll of fear
 r - 8 scrolls of butterflies
 s - 2 scrolls of enchant weapon
 y - a scroll of magic mapping
 z - 3 scrolls of vulnerability
 C - a scroll of acquirement
 F - a scroll of enchant armour
 P - a scroll of silence
 T - a scroll of torment {unknown}
 Y - a scroll of summoning {unknown}
Potions
 a - 4 potions of magic
 e - 4 potions of heal wounds
 f - 2 potions of curing
 m - 2 potions of brilliance
 n - a potion of ambrosia {unknown}
 p - 2 potions of might
 u - 3 potions of lignification
 D - a potion of flight
 I - 3 potions of haste
 J - a potion of resistance
 K - 2 potions of cancellation
 N - a potion of experience
 S - a potion of mutation
Miscellaneous
 Q - a box of beasts


   Skills:
 - Level 8.3 Fighting
 + Level 6.4 Staves
 - Level 7.0 Dodging
 - Level 10.1 Stealth
 - Level 5.2 Shields
 - Level 7.3 Spellcasting
 - Level 9.1 Conjurations
 - Level 6.0 Hexes
 + Level 7.0 Translocations
 + Level 8.6 Earth Magic
 - Level 4.6 Evocations


You had 5 spell levels left.
You knew the following spells:

 Your Spells              Type           Power      Damage    Failure   Level
a - Magic Dart            Conj           100%       1d8       1%          1
b - Searing Ray           Conj           100%       2d8       1%          2
c - Fulminant Prism       Conj/Hex       37%        3d18      1%          4
d - Leda's Liquefaction   Hex/Erth       28%        N/A       2%          4
e - Iskenderun's Mystic   Conj/Tloc      78%        2d16      1%          4
f - Statue Form           Tmut/Erth      26%        N/A       77%         6

Your spell library contained the following spells:

 Spells                   Type           Power      Damage    Failure   Level
 Dazzling Flash           Conj/Hex       100%       N/A       1%          3
 Gell's Gravitas          Tloc           55%        N/A       1%          3
 Lesser Beckoning         Tloc           55%        N/A       1%          3
 Teleport Other           Tloc           55%        N/A       1%          3
 Lee's Rapid Deconstruct  Erth           31%        3d17*     3%          5
 Mephitic Cloud           Conj/Pois/Air  48%        N/A       4%          3
 Call Imp                 Summ           12%        N/A       7%          2
 Poisonous Vapours        Pois/Air       24%        N/A       7%          2
 Scorch                   Fire           24%        2d6       7%          2
 Flame Wave               Conj/Fire      59%        2d14      8%          4
 Summon Forest            Summ/Tloc      17%        N/A       30%         5
 Eringya's Noxious Bog    Tmut/Pois      6%         N/A       100%        6
 Summon Cactus Giant      Summ           6%         N/A       100%        6
 Summon Hydra             Summ           6%         N/A       100%        7
 Corpse Rot               Necr/Pois/Air  Unusable   N/A       N/A         4

Dungeon Overview and Level Annotations

Branches:
Dungeon (10/15)            Temple (1/1) D:4            Lair (4/5) D:10
  Swamp (0/4) Lair:3       Spider (0/4) Lair:2          Orc (0/2) D:10
  Slime: Lair:4-5

Altars:
Ashenzari
Cheibriados
Dithmenos
Elyvilon
Fedhas
Gozag
Hepliaklqana
Kikubaaqudgha
Makhleb
Nemelex Xobeh
Okawaru
Qazlal
Ru
Sif Muna
Trog
Uskayaw
Vehumet
Wu Jian
Xom
Yredelemnul
Zin
The Shining One

Shops:
D:5 *   D:10 :*[

Annotations:
D:7 3 runed translucent doors, gdog's ghost, novice GnDe


Innate Abilities, Weirdness & Mutations

You cannot wear most types of armour.
You are amphibious.
You can wear up to eight rings at the same time.
Your skin changes colour to match your surroundings (Stealth+).
Your rubbery body absorbs attacks. (AC +1, EV +1)
((You are camouflaged when in or above water. (Stealth+)))
You have tentacles for arms and can constrict up to eight enemies at once.


Message History

Casting: Fulminant Prism (dangerous; 1% risk of failure)
Confirm with . or Enter, or press ? or * to list all spells.
Okay, then.
Unknown command.
You hear an explosion!
The blast of energy engulfs the yak!!
You kill the yak!
The blast of energy engulfs the yak!!!
You kill the yak!
The blast of energy engulfs the death yak.
The death yak is severely wounded.
The blast of energy engulfs the death yak!!
The death yak is almost dead.
You have turned to stone.
Your Translocations skill increases to level 7!
The death yak is engulfed in calcifying dust.
The death yak is moving more slowly.
The death yak is distracted by your dazzling golden aura.
The catoblepas breathes a plume of calcifying dust at you.
The blast of calcifying dust hits you.
You are engulfed in calcifying dust.
The death yak is no longer distracted by gold.
The death yak gores you!! The catoblepas gores you!!
* * * LOW HITPOINT WARNING * * *
The death yak is distracted by your dazzling golden aura.
You are engulfed in calcifying dust.
The death yak becomes momentarily stuck in the liquid earth.
The catoblepas gores you!
* * * LOW HITPOINT WARNING * * *
You are engulfed in calcifying dust.
The death yak stops moving altogether!
The death yak is no longer distracted by gold.
The catoblepas gores you!!
* * * LOW HITPOINT WARNING * * *
A polar bear comes into view.
The catoblepas breathes a plume of calcifying dust at you.
The blast of calcifying dust hits you!
* * * LOW HITPOINT WARNING * * *
You are engulfed in calcifying dust.
The catoblepas gores you!
You die...
Your body crumbles into a pile of gold.

#.$...###.......##
#####...$.#...#....##
##..##h#..#.#.#####...
......$#......# #...
#.*$.#.#§#..# #...
###..#####.)# #...
#Y## #........# ###Y##
####.###.# #§@Y.# ..#
#.# #P.##.## # #.#
.<.. ...# .#.# P.## $
# #### . ## .. .# ####
.# ......


You could see 2 death yaks, a catoblepas (struggling) and a polar bear
(wandering).

Vanquished Creatures
  4 hydras
  A boulder beetle (D:9)
  A catoblepas (Lair:2)
  2 death yaks
  Pikel (D:4)
  4 elephants (Lair:2)
  3 black mambas
  12 cane toads
  4 rime drakes
  5 komodo dragons
  A polar bear (Lair:2)
  A troll (D:9)
  Grinder (D:6)
  12 dream sheep
  5 blink frogs (Lair:3)
  2 wyverns
  46 yaks
  Eustachio (D:4)
  3 steam dragons (D:8)
  2 basilisks
  Menkaure (D:4)
  3 wargs (D:10)
  2 swamp worms (Lair:3)
  15 water moccasins
  3 orc warriors
  An ice beast (D:5)
  A black bear (D:5)
  A sky beast (D:7)
  3 ogres
  7 wolves
  A centaur (D:7)
  3 lemures (D:4)
  22 bullfrogs
  8 kobold brigands
  A necrophage (D:5)
  2 scorpions
  7 wights
  7 howler monkeys
  An electric eel (Lair:1)
  2 jellies
  3 hounds
  2 gnoll boudas
  7 orc priests
  2 iguanas
  Natasha (D:3)
  10 orc wizards
  7 adders
  14 gnolls
  A shadow imp (D:7)
  2 ufetubi (D:5)
  2 worms
  2 dart slugs (D:1)
  43 orcs
  8 endoplasms
  3 giant cockroaches
  3 goblins
  4 hobgoblins
  4 jackals (D:5)
  46 kobolds
  7 quokkas
  7 ball pythons
  9 bats
  4 frilled lizards
  5 rats
  3 fulminant prisms
401 creatures vanquished.

Vanquished Creatures (others)
  A bush (Lair:2)
  209 fulminant prisms
  29 fungi
  28 plants
267 creatures vanquished.

Grand Total: 668 creatures vanquished

Notes
Turn   | Place    | Note
-------+----------+-------------------------------------------
     0 | D:1      | hikkokomori the Octopode Conjurer began the quest for the
                  | Orb.
     0 | D:1      | Reached XP level 1. HP: 11/11 MP: 3/3
    99 | D:1      | Reached skill level 3 in Stealth
    99 | D:1      | Reached XP level 2. HP: 7/17 MP: 0/5
   689 | D:1      | Reached XP level 3. HP: 21/21 MP: 4/6
   692 | D:1      | Learned a level 2 spell: Searing Ray
  1139 | D:1      | Identified 3 scrolls of acquirement
  1139 | D:1      | Acquired the ring "Giseerghieff" {+Blink Fly rElec Int+6
                  | Stlth-}
  1140 | D:1      | Acquired 1158 gold pieces
  1141 | D:1      | Acquired the +0 hat "Winaat" {rF- rC+ Int+3 Stlth+}
  1338 | D:2      | Found a faded altar of an unknown god.
  1656 | D:2      | Reached skill level 4 in Stealth
  1656 | D:2      | Reached XP level 4. HP: 27/27 MP: 1/8
  2576 | D:3      | Reached XP level 5. HP: 31/31 MP: 5/9
  2718 | D:3      | Noticed Natasha
  2726 | D:3      | Killed Natasha
  2732 | D:3      | Learned a level 4 spell: Fulminant Prism
  2908 | D:3      | Found the +4 robe of Augmentation {Str+4 Int+4 Dex+4}
  3377 | D:4      | Noticed Eustachio
  3379 | D:4      | Reached skill level 5 in Stealth
  3379 | D:4      | Reached skill level 5 in Conjurations
  3379 | D:4      | Reached skill level 1 in Hexes
  3379 | D:4      | Reached XP level 6. HP: 36/36 MP: 3/10
  3384 | D:4      | Reached skill level 1 in Shields
  3519 | D:4      | Killed Eustachio
  3550 | D:4      | Noticed Pikel
  3566 | D:4      | Killed Pikel
  3567 | D:4      | Reached skill level 6 in Stealth
  3567 | D:4      | Reached XP level 7. HP: 41/41 MP: 1/11
  3887 | D:4      | Noticed Menkaure
  3891 | D:4      | Killed Menkaure
  3892 | D:4      | Reached skill level 7 in Stealth
  3892 | D:4      | Reached XP level 8. HP: 46/46 MP: 7/12
  4069 | D:4      | Found a staircase to the Ecumenical Temple.
  4306 | Temple   | Entered the Ecumenical Temple
  4501 | Temple   | Became a worshipper of Gozag Ym Sagoz the Greedy
  4552 | D:5      | Entered Level 5 of the Dungeon
  5004 | D:5      | Reached skill level 8 in Stealth
  5056 | D:5      | Found an ancient bone altar of Kikubaaqudgha.
  5838 | D:6      | Noticed Grinder
  5845 | D:6      | Killed Grinder
  5846 | D:6      | Reached XP level 9. HP: 38/51 MP: 1/13
  5932 | D:6      | Reached skill level 5 in Hexes
  6055 | D:6      | Reached skill level 9 in Stealth
  6055 | D:6      | Reached skill level 5 in Shields
  6842 | D:7      | Found a runed translucent gate.
  6846 | D:7      | Found a runed translucent gate.
  6847 | D:7      | Found a runed translucent gate.
  6848 | D:7      | Found an opulent altar of Gozag.
  6848 | D:7      | Noticed gdog's ghost (novice GnDe)
  7318 | D:7      | Reached skill level 10 in Stealth
  7791 | D:7      | Reached skill level 1 in Fighting
  8080 | D:8      | Reached XP level 10. HP: 37/61 MP: 6/14
  8530 | D:8      | Found a white marble altar of Elyvilon.
  8537 | D:8      | Found an ornate altar of the Wu Jian Council.
  8537 | D:8      | Found a shadowy altar of Dithmenos.
  8541 | D:8      | Found a blossoming altar of Fedhas.
  9072 | D:9      | Reached skill level 1 in Evocations
  9535 | D:9      | Noticed a boulder beetle
  9738 | D:9      | Killed a boulder beetle
  9739 | D:9      | Reached skill level 5 in Fighting
 10165 | D:10     | Entered Level 10 of the Dungeon
 10202 | D:10     | Found a staircase to the Orcish Mines.
 10204 | D:10     | Found Wacaff's Armour Shop.
 10233 | D:10     | Reached XP level 11. HP: 72/72 MP: 3/18
 10617 | D:10     | Reached skill level 5 in Spellcasting
 10633 | D:10     | Bought a scroll of identify for 32 gold pieces
 10642 | D:10     | Bought a book of the Earth for 612 gold pieces
 10647 | D:10     | Learned a level 4 spell: Leda's Liquefaction
 10652 | D:10     | Learned a level 4 spell: Iskenderun's Mystic Blast
 10700 | D:10     | Found a staircase to the Lair.
 10705 | D:10     | Reached skill level 5 in Dodging
 10710 | D:10     | Reached skill level 1 in Earth Magic
 10847 | D:10     | Found a radiant altar of Vehumet.
 11041 | Lair:1   | Entered Level 1 of the Lair of Beasts
 11203 | Lair:1   | Noticed an eight-headed hydra
 11212 | Lair:1   | Killed an eight-headed hydra
 11543 | Lair:1   | Noticed a four-headed hydra
 11553 | Lair:1   | Killed a four-headed hydra
 12145 | Lair:2   | Reached XP level 12. HP: 68/81 MP: 12/21
 12150 | Lair:2   | Noticed a catoblepas
 12410 | Lair:2   | Learned a level 6 spell: Statue Form
 12459 | Lair:2   | Reached skill level 1 in Translocations
 12549 | Lair:2   | Killed a catoblepas
 12550 | Lair:2   | Reached skill level 5 in Earth Magic
 13505 | Lair:2   | Found a hole to the Spider Nest.
 14006 | Lair:3   | Found a staircase to the Swamp.
 14056 | Lair:3   | Reached skill level 1 in Staves
 14655 | Lair:3   | Noticed a death yak
 14685 | Lair:3   | Killed a death yak
 14852 | Lair:3   | Reached XP level 13. HP: 62/89 MP: 21/24
 14855 | Lair:3   | Reached skill level 5 in Translocations
 15579 | Lair:3   | Reached skill level 5 in Staves
 16965 | Lair:4   | HP: 2/89 [catoblepas/blast of calcifying dust (4)]
 16966 | Lair:4   | Slain by a catoblepas

Illustrated notes

Levels and vault maps discovered:
D:1:      giann_bridges, layout_basic
D:2:      layout_loops_cross, ebering_ecumenical_altar_hall
D:3:      layout_basic, uniq_natasha
D:4:      layout_loops_ring, lemuel_temple_firewalk_a, uniq_pikel,
          uniq_eustachio, uniq_menkaure
D:5:      layout_cave_pods, kennysheep_mini_moat
D:6:      layout_basic, serial_bayou_crossing, uniq_grinder
D:7:      layout_cave_pools, ebering_ghost_gozag, grunt_ministairs_3
D:8:      layout_basic, minitemple
D:9:      layout_long_grid
D:10:     layout_loops_cross, mainiacjoe_overflow_brackets,
          erik_lair_orcish_takeover, orc_david_3
Temple:   eino_temple_scatter_basement
Lair:1:   layout_gridlike, nicolae_quartered_pool_super,
          chequers_serial_rivers_small_b
Lair:2:   layout_cave_pods, spider_nest_entry_web_field, grunt_megastairs_2,
          lemuel_fruit_tree, infiniplex_staircase_pool_2
Lair:3:   nzn_winding_woodlands_medium [nzn_winding_woodlands_5x5_open_star,
          nzn_winding_woodlands_5x15_jagged,
          nzn_winding_woodlands_5x5_checkerboard,
          nzn_winding_woodlands_5x5_perimeter,
          nzn_winding_woodlands_center_lodge, nzn_winding_woodlands_5x5_cross,
          nzn_winding_woodlands_5x5_closed_star,
          nzn_winding_woodlands_5x15_split_checker,
          nzn_winding_woodlands_5x5_three], layout_loops_ring,
          minmay_swamp_entry_worms
Lair:4:   beast_lair_carwin_large_3, layout_loops_ring, slime_entry_1,
          chequers_serial_rivers_room_b

Skill      XL: |  1  2  3  4  5  6  7  8  9 10 11 12 13 |
---------------+----------------------------------------+-----
Stealth        | 3 4 5 6 7 8 10 | 10.1
Spellcasting   | 3 4 6 7 |  7.3
Conjurations   | 5 6 7 8 9 |  9.1
Hexes          | 1 3 4 6 |  6.0
Shields        | 3 4 5 |  5.2
Fighting       | 2 5 7 8 |  8.3
Evocations     | 4 |  4.6
Dodging        | 4 6 7 |  7.0
Earth Magic    | 4 6 8 |  8.6
Translocations | 4 7 |  7.0
Staves         | 4 6 |  6.4

Action                   |  1- 3 |  4- 6 |  7- 9 | 10-12 | 13-15 || total
-------------------------+-------+-------+-------+-------+-------++-------
Melee: Unarmed           |     2 |     2 |       |       |       ||     4
       Constrict         |     2 |     1 |     5 |    15 |     7 ||    30
       Tentacles         |     1 |     1 |     7 |    19 |    11 ||    39
       Staff             |       |       |    25 |    66 |    44 ||   135
       Punch             |       |       |       |     2 |     2 ||     4
 Cast: Magic Dart        |    63 |    81 |   105 |    88 |     1 ||   338
       Fulminant Prism   |       |     4 |    30 |   134 |    44 ||   212
       Searing Ray       |       |     8 |    18 |    23 |       ||    49
       Leda's Liquefacti |       |       |       |     2 |     1 ||     3
Invok: Call Merchant     |       |       |     1 |     2 |       ||     3
Evoke: Wand              |       |       |     1 |     4 |     3 ||     8
  Use: Scroll            |     3 |       |     1 |    20 |     6 ||    30
       Potion            |       |       |     1 |       |     3 ||     4
 Stab: Distracted        |       |       |     1 |       |       ||     1
       Sleeping          |       |       |       |     1 |       ||     1
Armor: Skin              |       |     1 |     2 |     3 |       ||     6
Dodge: Dodged            |     3 |     9 |    38 |    81 |    41 ||   172
Block: Buckler           |       |       |    10 |    26 |     9 ||    45
